 Dungeon Crawl Stone Soup version 0.31-a0-1005-gfbdfbacc72 (webtiles) character file.

Game seed: 13315838639409708263

145 Monkfish the Cutter (level 5, -6/33 HPs)
             Began as a Kobold Monk on Nov 11, 2023.
             Mangled by an iguana (10 damage)
             ... on level 3 of the Dungeon.
             The game lasted 00:04:33 (2602 turns).

Monkfish the Cutter (Kobold Monk)                   Turns: 2602, Time: 00:04:34

Health: -6/33      AC:  7    Str: 10    XL:     5   Next: 53%
Magic:  5/5        EV: 16    Int: 12    God:
Gold:   89         SH:  0    Dex: 17    Spells: 4/4 levels left

rFire   . . .        a - +0 short sword
rCold   + . .        (no shield)
rNeg    + . .        l - +0 leather armour
rPois   +            b - +0 helmet
rElec   .            k - +2 cloak of Defence {rPois rC+}
rCorr   .            (no gloves)
SInv    .            (no boots)
Will    .....        (no amulet)
Stlth   ++++         j - ring of positive energy
HPRegen 0.25/turn    (no ring)
MPRegen 0.09/turn

%: no passive effects
@: no status effects
A: small, no large weapons, nightstalker 3
a: no special abilities


You were on level 3 of the Dungeon.
You visited 1 branch of the dungeon, and saw 3 of its levels.

You collected 89 gold pieces.

Inventory:

Hand Weapons
 a - a +0 short sword (weapon)
Armour
 b - a +0 helmet (worn)
 d - an orb of light
 k - the +2 cloak of Defence (worn) {rPois rC+}
   (You found it on level 2 of the Dungeon)

   rC+:       It protects you from cold.
   rPois:     It protects you from poison
 l - a +0 leather armour (worn)
Jewellery
 j - a ring of positive energy (left hand)
Potions
 c - 2 potions of ambrosia
 e - a potion of degeneration {unknown}
 f - a potion of attraction {unknown}
 g - 2 potions of heal wounds {unknown}
 h - a potion of magic {unknown}
 i - a potion of mutation {unknown}
 m - a potion of curing {unknown}


   Skills:
 + Level 3.9 Fighting
 + Level 5.2 Short Blades
 + Level 4.4 Dodging
 * Level 4.0 Stealth


You had 4 spell levels left.
You didn't know any spells.
Your spell library contained the following spells:

 Spells                   Type           Power      Damage    Failure   Level
 Ensorcelled Hibernation  Hex/Ice        0%         N/A       56%         2
 Passwall                 Tmut/Erth      0%         N/A       56%         2
 Swiftness                Air            0%         N/A       80%         3


Dungeon Overview and Level Annotations

Branches:
Dungeon (3/15)

Altars:


Innate Abilities, Weirdness & Mutations

You are small and have problems with some larger weapons.
You are completely attuned to the shadows.


Message History

The worm misses you.
You hit the worm.
The worm is almost dead.
You hit the worm.
The worm is almost dead.
The worm bites you.
You hit the worm.
The worm is almost dead.
You hit the worm but do no damage.
The worm is almost dead.
The worm closely misses you.
You hit the worm.
You kill the worm!
You see here a worm corpse.
An iguana comes into view.
The iguana hisses angrily.
An iguana is nearby!
You barely miss the iguana. The iguana bites you!
You hit the iguana but do no damage. The iguana bites you!
You barely miss the iguana. You hit the iguana but do no damage.
The iguana bites you but does no damage.
You hit the iguana but do no damage. The iguana misses you.
You hit the iguana.
The iguana is lightly wounded.
The iguana barely misses you.
You hit the iguana.
The iguana is moderately wounded.
You hit the iguana but do no damage.
The iguana is moderately wounded.
The iguana bites you!
* * * LOW HITPOINT WARNING * * *
You hit the iguana but do no damage.
The iguana is moderately wounded.
The iguana completely misses you. The iguana attacks as it pursues you!
The iguana bites you.
* * * LOW HITPOINT WARNING * * *
The iguana attacks as it pursues you! The iguana closely misses you.
The iguana attacks as it pursues you! The iguana bites you!
You die...

#.# ##.# #.# #.# #.#
#.# #.# #.# #.# #.# ###
#.# #.#####.. #.#
#.......#
#.#####################
#.....@l...........
###################


You could see an iguana.

Vanquished Creatures
  An iguana (D:3)
  6 adders
  A worm (D:3)
  An orc (D:3)
  6 ball pythons
  4 bats
  3 endoplasms (D:3)
  3 giant cockroaches
  6 goblins
  6 hobgoblins
  6 jackals (D:1)
  2 quokkas (D:1)
  4 frilled lizards
  8 kobolds
  4 rats
61 creatures vanquished.

Notes
Turn   | Place    | Note
-------+----------+-------------------------------------------
     0 | D:1      | Monkfish the Kobold Monk began the quest for the Orb.
     0 | D:1      | Reached XP level 1. HP: 14/14 MP: 1/1
   119 | D:1      | Reached XP level 2. HP: 7/19 MP: 2/2
   337 | D:1      | Reached skill level 1 in Stealth
   526 | D:1      | Reached XP level 3. HP: 23/23 MP: 3/3
  1330 | D:2      | Reached XP level 4. HP: 29/29 MP: 4/4
  1451 | D:2      | Identified the +2 cloak of Defence {rPois rC+}
  1657 | D:2      | Found a faded altar of an unknown god.
  2173 | D:3      | Reached XP level 5. HP: 27/33 MP: 5/5
  2318 | D:3      | Reached skill level 5 in Short Blades
  2602 | D:3      | Mangled by an iguana

Illustrated notes

Levels and vault maps discovered:
D:1:      heliophobic_arrival_ceremonial_halls, layout_basic
D:2:      layout_loops_ring, basic_ecumenical_altar,
          minmay_misc_feat_secret_circle
D:3:      layout_loops_ring

Skill      XL: |  1  2  3  4  5 |
---------------+----------------+-----
Stealth        | 1 2 3 4 |  4.0
Dodging        | 4 |  4.4
Short Blades   | 5 |  5.2
Fighting       | |  3.9

Action                     |  1- 3 |  4- 6 || total
---------------------------+-------+-------++-------
  Melee: Short sword       |   149 |   150 ||   299
         Punch             |     1 |     2 ||     3
    Use: Scroll            |     1 |     1 ||     2
   Stab: Sleeping          |     9 |     5 ||    14
         Distracted        |     1 |       ||     1
 Armour: Robe              |    44 |    26 ||    70
         Leather armour    |       |    18 ||    18
  Dodge: Dodged            |    95 |   101 ||   196

Table legend: (Time is in decaauts)
 A = Elapsed time spent in this place.
 B = Non-inter-level travel time spent in this place.
 C = Inter-level travel time spent in this place.
 D = Time resting spent in this place.
 E = Time spent auto-exploring this place.
 F = Levels seen in this place.
 G = Mean time per level.
                   A        B        C        D        E       F      G
               +--------+--------+--------+--------+--------+-----+--------+
         Total |   2532 |   2388 |    144 |     58 |   1756 |   3 |  844.0 |
       Dungeon |   2532 |   2388 |    144 |     58 |   1756 |   3 |  844.0 |
               +--------+--------+--------+--------+--------+-----+--------+

Top non-repeatable levels by time:
     D:1: 1125 daAuts
     D:2: 931 daAuts
     D:3: 476 daAuts
